 Dungeon Crawl Stone Soup version 0.21.1-1-g345015f (webtiles) character file.

28037 diana the Zephyrmancer (level 13, -5/102 HPs)
             Began as a Black Draconian Conjurer on June 12, 2018.
             Was a Priest of Vehumet.
             Slain by a red ugly thing (12 damage)
             ... on level 13 of the Dungeon on June 13, 2018.
             The game lasted 01:33:44 (25808 turns).

diana the Zephyrmancer (Black Draconian Conjurer)  Turns: 25808, Time: 01:33:44

Health: -5/102     AC: 10    Str: 11    XL:     13   Next: 7%
Magic:  28/28      EV: 12    Int: 21    God:    Vehumet [***...]
Gold:   1056       SH:  0    Dex: 15    Spells: 8/34 levels left

rFire    . . .     SeeInvis .   e - +2 demon trident (pain)
rCold    . . .     Gourm    .   (no shield)
rNeg     . . .     Faith    .   (armour unavailable)
rPois    .         Spirit   .   (helmet restricted)
rElec    +         Reflect  .   (no cloak)
rCorr    .         Harm     .   l - +1 pair of gloves
MR       .....                  (no boots)
Stlth    ++........             (no amulet)
HPRegen  0.27/turn              c - +3 ring of slaying
MPRegen  0.21/turn              f - +4 ring of dexterity

@: no status effects
A: breathe lightning, unfitting armour, electricity resistance, cold-blooded, AC
+8
a: Breathe Lightning, Renounce Religion


You were on level 13 of the Dungeon.
You worshipped Vehumet.
Vehumet was most pleased with you.
You were not hungry.

You visited 3 branches of the dungeon, and saw 16 of its levels.

You collected 1056 gold pieces.

Inventory:

Hand Weapons
 e - a +2 demon trident of pain (weapon)
Armour
 l - a +1 pair of gloves (worn)
Jewellery
 c - a +3 ring of slaying (left hand)
 f - a +4 ring of dexterity (right hand)
 g - an uncursed ring of poison resistance
 p - an uncursed ring of flight
 s - an uncursed ring of magical power
 z - a +2 ring of protection
 B - an uncursed ring of ice
Wands
 r - a wand of random effects (64)
 y - a wand of enslavement (16)
 H - a wand of paralysis (12)
Scrolls
 d - a scroll of acquirement {unknown}
 h - a scroll of enchant weapon {unknown}
 i - 13 scrolls of remove curse
 j - a scroll of holy word {unknown}
 n - 3 scrolls of immolation
 q - a scroll of magic mapping {unknown}
 t - 2 scrolls of enchant armour {unknown}
 u - 3 scrolls of amnesia
 v - a scroll of blinking {unknown}
 w - a scroll of summoning {unknown}
 x - 3 scrolls of noise {unknown}
 A - a scroll of random uselessness {unknown}
 C - 5 scrolls of identify
 F - 3 scrolls of teleportation
 I - 2 scrolls of fog {unknown}
 K - 2 scrolls of fear {unknown}
Potions
 D - 3 potions of agility
 E - 2 potions of lignification {unknown}
 G - a potion of experience {unknown}
Books
 a - a book of Conjurations

   Spells                             Type                      Level
   a - Magic Dart                     Conjuration                  1
   b - Searing Ray                    Conjuration                  2
   c - Dazzling Spray                 Conjuration/Hexes            3
   d - Fulminant Prism                Conjuration/Hexes            4
   e - Force Lance                    Conjuration/Translocation    4
   f - Iskenderun's Mystic Blast      Conjuration                  4
 k - a book of Enchantments

   Spells                             Type                      Level
   a - Cause Fear                     Hexes                        4
   b - Yara's Violent Unravelling     Hexes/Transmutation          5
   c - Silence                        Hexes/Air                    5
   d - Deflect Missiles               Charms/Air                   6
   e - Discord                        Hexes                        8
 m - a book of Cantrips

   Spells                             Type                      Level
   a - Confusing Touch                Hexes                        1
   b - Animate Skeleton               Necromancy                   1
   c - Summon Small Mammal            Summoning                    1
   d - Apportation                    Translocation                1
 o - a book of Minor Magic

   Spells                             Type                      Level
   a - Magic Dart                     Conjuration                  1
   b - Blink                          Translocation                2
   c - Call Imp                       Summoning                    2
   d - Slow                           Hexes                        2
   e - Conjure Flame                  Conjuration/Fire             3
   f - Mephitic Cloud                 Conjuration/Poison/Air       3
Comestibles
 b - 10 rations
 L - 4 chunks of flesh


   Skills:
 + Level 5.7 Fighting
 * Level 7.4 Polearms
 - Level 1.7 Dodging
 - Level 1.7 Stealth
 + Level 11.0 Spellcasting
 + Level 12.3 Conjurations
 - Level 2.3 Translocations
 - Level 3.8 Fire Magic
 + Level 0.4 Ice Magic
 + Level 12.5 Air Magic


You had 8 spell levels left.
You knew the following spells:

 Your Spells              Type           Power        Failure   Level  Hunger
a - Magic Dart            Conj           ####         1%          1    None
b - Searing Ray           Conj           ######       1%          2    None
c - Conjure Flame         Conj/Fire      #####...     1%          3    None
d - Mephitic Cloud        Conj/Pois/Air  #####...     1%          3    None
e - Fulminant Prism       Conj/Hex       #####.....   1%          4    #......
f - Iskenderun's Mystic   Conj           ######..     1%          4    #......
g - Blink                 Tloc           N/A          3%          2    None
h - Static Discharge      Conj/Air       ######..     1%          3    None
i - Throw Icicle          Conj/Ice       #####...     1%          4    #......


Dungeon Overview and Level Annotations

Branches:
Dungeon (13/15)            Temple (1/1) D:6            Lair (0/6) D:11
    Orc (2/2) D:9
    Elf: Orc:2       Vaults: D:13-14

Altars:
Ashenzari
Cheibriados
Dithmenos
Elyvilon
Fedhas
Gozag
Hepliaklqana
Kikubaaqudgha
Makhleb
Nemelex Xobeh
Okawaru
Qazlal
Ru
Sif Muna
Trog
Uskayaw
Vehumet
Wu Jian
Xom
Yredelemnul
Zin
The Shining One
Beogh

Portals:
Trove: D:10 (give 18 potions of curing)


Innate Abilities, Weirdness & Mutations

You can breathe wild blasts of lightning.
Your glossy black scales are hard. (AC +8)
You cannot fit into any form of body armour.
You are resistant to electric shocks. (rElec)
You are cold-blooded and may be slowed by cold attacks.


Message History

a giant spiked club; a giant club; a two-headed ogre corpse The red ugly thing pecks you!
You are engulfed in flames!
Casting: Iskenderun's Mystic Blast
Confirm with . or Enter, or press ? or * to list all spells.
Aiming: Iskenderun's Mystic Blast
Press: ? - help, Shift-Dir - straight line, f/p - red ugly thing
Aim: a red ugly thing (heavily wounded)
The orb of energy hits the red ugly thing.
The red ugly thing is severely wounded.
The orb of energy explodes!
The red ugly thing completely misses you.
You hit the red ugly thing.
The red ugly thing is severely wounded.
The red ugly thing pecks you!
You are engulfed in flames!
The red ugly thing pecks you.
You are engulfed in flames!!
* * * LOW HITPOINT WARNING * * *
Magic courses through your body. The red ugly thing pecks you!
* * * LOW HITPOINT WARNING * * *
You are engulfed in flames!
You die...

###### .....#####
.......(.##########
(.(.)<)...........###
..#####.............
..#...#.....>......
..#...#...........#
..#...'.########..# ..#...#.#
#@.# ...# #.#...#.# #u.# ...##
#.#...+.# #..# ....# #.#...#.#
#..#######....# # #...#.#
#.............# #.#####.#
#####.............#
........####.................#
.............................###
###.............................


You could see a red ugly thing.

Vanquished Creatures
  Josephine (D:10)
  A hydra (D:11)
  A centaur warrior (D:13)
  10 two-headed ogres
  Urug (D:11)
  2 ugly things
  A deep elf mage (D:11)
  2 cyclopes (D:11)
  2 manticores
  2 gargoyles
  3 kobold demonologists
  A guardian mummy (D:10)
  4 trolls
  A hornet (D:10)
  A hippogriff (D:10)
  2 dream sheep (D:11)
  Sigmund (D:2)
  A shadow (D:10)
  4 wraiths
  A wyvern (D:11)
  12 yaks
  A hungry ghost (D:9)
  A basilisk (D:11)
  A soldier ant (D:12)
  2 wargs
  Duvessa (D:4)
  A water moccasin (D:8)
  3 porcupines
  16 orc warriors
  4 black bears
  4 sky beasts
  An ice beast (D:10)
  2 phantoms
  7 ogres
  2 eyes of draining
  6 centaurs
  2 necrophages
  3 crocodiles
  8 big kobolds
  8 bullfrogs
  A wyvern zombie (D:11)
  Dowan (D:4)
  2 scorpions
  9 killer bees
  9 wights
  A vampire bat (D:8)
  3 howler monkeys (D:11)
  8 crimson imps
  A centaur zombie (D:6)
  3 bullfrog zombies
  3 jellies
  2 centaur skeletons
  14 orc priests
  Crazy Yiuf (D:2)
  4 bullfrog skeletons
  5 hounds
  3 iguanas
  Natasha (thrice) (D:2)
  26 orc wizards
  10 worker ants
  A killer bee zombie (D:7)
  2 hound zombies
  A hound skeleton (D:9)
  9 gnolls
  13 adders
  7 shadow imps
  2 oozes (D:3)
  3 adder skeletons
  3 worms
  3 dart slugs
  3 leopard geckos
  108 orcs
  15 bats
  5 giant cockroaches
  12 goblins
  7 hobgoblins
  10 jackals
  4 quokkas
  A ball python skeleton (D:6)
  5 frilled lizards
  A jackal skeleton (D:4)
  15 kobolds
  A quokka zombie (D:6)
  16 rats
483 creatures vanquished.

Vanquished Creatures (others)
  A human (D:4)
  A bush (D:11)
  33 fulminant prisms
  8 plants (D:11)
43 creatures vanquished.

Grand Total: 526 creatures vanquished

Notes
Turn   | Place    | Note
-------+----------+-------------------------------------------
     0 | D:1      | diana the Draconian Conjurer began the quest for the Orb.
     0 | D:1      | Reached XP level 1. HP: 14/14 MP: 3/3
   204 | D:1      | Reached XP level 2. HP: 18/20 MP: 0/5
   678 | D:2      | Noticed Sigmund
   744 | D:2      | Learned a level 2 spell: Searing Ray
   824 | D:2      | Reached XP level 3. HP: 26/26 MP: 1/7
   838 | D:2      | Found a sparkling altar of Nemelex Xobeh.
   992 | D:2      | Noticed Natasha
   999 | D:2      | Killed Natasha
  1115 | D:2      | Reached XP level 4. HP: 23/33 MP: 2/8
  1401 | D:2      | Found a shattered altar of Ashenzari.
  1617 | D:2      | Found a runed door.
  1660 | D:2      | Reached skill level 5 in Conjurations
  1965 | D:3      | You fall through a shaft for 3 floors!
  1998 | D:6      | Learned a level 3 spell: Conjure Flame
  2002 | D:6      | Learned a level 3 spell: Mephitic Cloud
  2011 | D:6      | Noticed a bullfrog
  2054 | D:6      | Killed a bullfrog
  2054 | D:6      | Reached XP level 5. HP: 37/38 MP: 5/10
  2154 | D:6      | Found a glowing silver altar of Zin.
  2155 | D:6      | Found a snail-covered altar of Cheibriados.
  2317 | D:6      | Found an ornate altar of the Wu Jian Council.
  2333 | D:6      | Noticed a black bear
  2346 | D:6      | Killed a black bear
  2346 | D:6      | Reached XP level 6. HP: 3/45 MP: 1/12
  2910 | D:6      | Reached skill level 5 in Spellcasting
  3063 | D:6      | Your scales start taking on a glossy black colour.
  3063 | D:6      | Reached XP level 7. HP: 46/50 MP: 7/14
  3063 | D:6      | Gained mutation: You are resistant to electric shocks. (rElec) [Black Draconian growth]
  3137 | D:5      | Entered Level 5 of the Dungeon
  3164 | D:5      | Reached skill level 1 in Air Magic
  3920 | D:5      | Reached XP level 8. HP: 57/57 MP: 6/16
  3997 | D:5      | Learned a level 4 spell: Fulminant Prism
  4529 | D:5      | Learned a level 4 spell: Iskenderun's Mystic Blast
  4932 | D:4      | Noticed Duvessa
  5425 | D:3      | Reached skill level 5 in Air Magic
  5645 | D:3      | Found an opulent altar of Gozag.
  6595 | D:2      | Noticed Natasha
  6599 | D:2      | Killed Natasha
  6649 | D:2      | Noticed Natasha
  6654 | D:2      | Killed Natasha
  6733 | D:2      | Killed Sigmund
  6831 | D:2      | Found an iron altar of Okawaru.
  6936 | D:2      | Noticed Crazy Yiuf
  6939 | D:2      | Killed Crazy Yiuf
  7069 | D:4      | Noticed Dowan
  7075 | D:4      | Killed Duvessa
  7100 | D:4      | Killed Dowan
  7318 | D:4      | Reached XP level 9. HP: 62/62 MP: 14/19
  7638 | D:4      | Found an ancient bone altar of Kikubaaqudgha.
  8358 | D:6      | Found a staircase to the Ecumenical Temple.
  8696 | D:6      | Found a basalt altar of Yredelemnul.
  9219 | D:7      | Found a bloodstained altar of Trog.
  9714 | D:7      | Got a shimmering marble ring
  9716 | D:7      | Identified the ring "Qebanab" {*Tele rN+ MR+ Stlth+} (You found it on level 7 of the Dungeon)
  9966 | D:7      | Found a burning altar of Makhleb.
  9966 | D:7      | Found a shimmering altar of Xom.
 10602 | D:8      | Noticed a two-headed ogre
 10640 | D:7      | Killed a two-headed ogre
 10640 | D:7      | Reached XP level 10. HP: 30/69 MP: 0/22
 11100 | D:7      | Reached skill level 10 in Conjurations
 11772 | D:8      | Found a blossoming altar of Fedhas.
 12463 | D:9      | Noticed a two-headed ogre
 12806 | D:9      | Noticed a two-headed ogre
 13683 | D:8      | HP: 2/69 [cloud of noxious fumes (2)]
 13853 | D:9      | Killed a two-headed ogre
 13853 | D:9      | Reached skill level 10 in Air Magic
 13937 | D:9      | Found a staircase to the Orcish Mines.
 14178 | D:9      | Noticed a two-headed ogre
 14184 | D:9      | Killed a two-headed ogre
 14184 | D:9      | Reached skill level 1 in Fire Magic
 14386 | D:9      | Noticed a two-headed ogre
 14437 | D:9      | Killed a two-headed ogre
 14437 | D:9      | Reached XP level 11. HP: 74/74 MP: 0/24
 14642 | D:10     | Entered Level 10 of the Dungeon
 15173 | Temple   | Entered the Ecumenical Temple
 15377 | Temple   | Became a worshipper of Vehumet
 15604 | D:11     | Found a staircase to the Lair.
 15624 | D:10     | Found a portal to a secret trove of treasure.
 15715 | D:10     | Noticed Josephine
 15734 | D:10     | Noticed a two-headed ogre
 15856 | D:10     | Killed a two-headed ogre
 16214 | D:10     | Killed Josephine
 16214 | D:10     | Reached skill level 10 in Spellcasting
 16594 | D:10     | Noticed a two-headed ogre
 16928 | D:10     | Killed a two-headed ogre
 17742 | D:11     | Noticed a two-headed ogre
 17745 | D:11     | Killed a two-headed ogre
 18301 | D:11     | Reached * piety under Vehumet
 18301 | D:11     | Offered knowledge of Freeze by Vehumet.
 18305 | D:11     | Learned a level 2 spell: Blink
 18468 | Orc:1    | Entered Level 1 of the Orcish Mines
 18862 | Orc:2    | Entered Level 2 of the Orcish Mines
 19828 | D:11     | Noticed Urug
 20012 | D:11     | Killed Urug
 20012 | D:11     | Reached XP level 12. HP: 31/81 MP: 6/26
 20675 | D:11     | Reached skill level 1 in Fighting
 20675 | D:11     | Reached skill level 1 in Polearms
 20675 | D:11     | Reached skill level 1 in Translocations
 20806 | D:11     | Reached ** piety under Vehumet
 20806 | D:11     | Offered knowledge of Shock by Vehumet.
 21451 | D:11     | Found a sacrificial altar of Ru.
 21586 | D:11     | Noticed a two-headed hydra
 22122 | D:11     | Offered knowledge of Static Discharge by Vehumet.
 22127 | D:11     | Learned a level 3 spell: Static Discharge
 22318 | D:11     | Found a roughly hewn altar of Beogh.
 22689 | D:11     | Reached skill level 5 in Polearms
 22962 | D:11     | Killed a two-headed hydra
 23420 | D:12     | Reached skill level 5 in Fighting
 23718 | D:12     | Reached *** piety under Vehumet
 23978 | D:12     | Noticed a two-headed ogre
 23990 | D:12     | Killed a two-headed ogre
 24095 | D:12     | Noticed a two-headed ogre
 24099 | D:12     | Killed a two-headed ogre
 24703 | D:13     | Noticed a centaur warrior
 24711 | D:13     | Offered knowledge of Throw Icicle by Vehumet.
 24935 | D:12     | Learned a level 4 spell: Throw Icicle
 25626 | D:13     | Killed a centaur warrior
 25626 | D:13     | Reached XP level 13. HP: 65/102 MP: 7/28
 25808 | D:13     | Slain by a red ugly thing

Skill      XL: |  1  2  3  4  5  6  7  8  9 10 11 12 |
---------------+-------------------------------------+-----
Spellcasting   | 3 4 5 7 8 9 10 11 | 11.0
Conjurations   | 5 6 7 8 9 11 12 | 12.3
Air Magic      | 3 6 8 10 12 | 12.5
Fire Magic     | 2 3 |  3.8
Fighting       | 5 |  5.7
Polearms       | 7 |  7.4
Translocations | 2 |  2.3
Dodging        | |  1.7
Stealth        | |  1.7
Ice Magic      | |  0.4

Action                   |  1- 3 |  4- 6 |  7- 9 | 10-12 | 13-15 || total
-------------------------+-------+-------+-------+-------+-------++-------
Melee: Unarmed           |    21 |       |       |       |       ||    21
       Tailslap          |     1 |     2 |     7 |    27 |     2 ||    39
       Short sword       |     6 |    22 |       |       |       ||    28
       Flail             |       |       |   108 |    94 |       ||   202
       Demon trident     |       |       |       |   188 |    13 ||   201
 Cast: Magic Dart        |    51 |    46 |   295 |   227 |     1 ||   620
       Searing Ray       |     2 |    10 |    41 |    13 |       ||    66
       Iskenderun's Myst |       |       |    21 |   265 |     5 ||   291
       Mephitic Cloud    |       |       |     8 |    19 |     2 ||    29
       Conjure Flame     |       |       |     1 |    14 |       ||    15
       Fulminant Prism   |       |       |       |    32 |     1 ||    33
       Throw Icicle      |       |       |       |     6 |     1 ||     7
       Blink             |       |       |       |     2 |       ||     2
 Abil: Breathe Lightning |       |       |       |     2 |       ||     2
  Use: Scroll            |       |     2 |     4 |     9 |       ||    15
       Potion            |       |       |       |    17 |     1 ||    18
 Stab: Sleeping          |       |       |     1 |     3 |       ||     4
       Confused          |       |       |     1 |       |       ||     1
  Eat: Chunk             |     1 |     6 |    16 |    31 |     2 ||    56
       Ration            |       |       |     3 |     8 |       ||    11
Armor: Skin              |     8 |    23 |   110 |   203 |     6 ||   350
Dodge: Dodged            |    11 |    28 |   165 |   385 |     7 ||   596
